 Dungeon Crawl Stone Soup version 0.25-a0-294-gea9b1ad378 (webtiles) character file.

Game seed: 12113790758003440656, levelgen mode: deterministic

2894 MoonlitKnight the Magician (level 9, -4/71 HPs)
             Began as a Gnoll Skald on Dec 17, 2019.
             Was a Priest of Okawaru.
             Slain by a two-headed ogre
             ... wielding a +0 giant club
              (28 damage)
             ... on level 8 of the Dungeon.
             The game lasted 00:20:17 (9000 turns).

MoonlitKnight the Magician (Gnoll Skald)            Turns: 9000, Time: 00:20:19

Health: -4/71      AC: 10    Str: 14    XL:     9   Next: 77%
Magic:  9/19       EV: 15    Int: 16    God:    Okawaru [***...]
Gold:   466        SH:  0    Dex: 17    Spells: 10/21 levels left

rFire    . . .     SeeInvis .   a - +4 dagger (freeze)
rCold    . . .     Gourm    .   (no shield)
rNeg     . . .     Faith    .   t - +3 ring mail
rPois    .         Spirit   .   (no helmet)
rElec    .         Reflect  .   (no cloak)
rCorr    +         Harm     .   (no gloves)
MR       .....                  x - +0 pair of boots
Stlth    ++........             (no amulet)
HPRegen  1.21/turn              n - ring of wizardry
MPRegen  0.16/turn              u - ring of resist corrosion

@: regenerating
A: distributed training, fangs 1, strong nose
a: Heroism, Renounce Religion


You were on level 8 of the Dungeon.
You worshipped Okawaru.
Okawaru was most pleased with you.
You were not hungry.

You visited 2 branches of the dungeon, and saw 9 of its levels.

You collected 466 gold pieces.

Inventory:

Hand Weapons
 a - a +4 dagger of freezing (weapon)
 b - a +0 hunting sling
 I - a +0 spear of venom
Missiles
 g - 42 sling bullets
 p - 3 curare-tipped darts (quivered)
 z - 7 poisoned darts
Armour
 t - a +3 ring mail (worn)
 x - a +0 pair of boots (worn)
Jewellery
 n - a ring of wizardry (left hand)
 u - a ring of resist corrosion (right hand)
 B - a cursed ring of teleportation {unknown}
Wands
 c - a wand of enslavement (6)
 q - a wand of scattershot (1)
 y - a wand of iceblast (6)
 A - a wand of random effects (11)
 G - a wand of polymorph (13)
Scrolls
 e - 7 scrolls of identify
 h - 6 scrolls of teleportation
 k - 2 scrolls of immolation
 o - 6 scrolls of remove curse
 r - a scroll of fear
 v - a scroll of enchant armour
 w - 2 scrolls of random uselessness
 C - a scroll of amnesia {unknown}
 H - a scroll of torment {unknown}
Potions
 f - 6 potions of curing
 i - 4 potions of flight
 j - a potion of degeneration
 l - 2 potions of might
 m - 2 potions of heal wounds
 s - 3 potions of brilliance
 D - a potion of resistance {unknown}
 F - 2 potions of lignification {unknown}
Comestibles
 d - 11 rations


   Skills:
 + Level 6.5 Fighting
 + Level 4.5 Short Blades
 + Level 4.5 Long Blades
 + Level 4.5 Axes
 + Level 4.5 Maces & Flails
 + Level 6.5 Polearms
 + Level 4.5 Staves
 + Level 4.5 Slings
 + Level 4.5 Bows
 + Level 4.5 Crossbows
 + Level 4.5 Throwing
 + Level 5.2 Armour
 + Level 6.5 Dodging
 + Level 4.5 Stealth
 + Level 4.5 Shields
 + Level 4.5 Unarmed Combat
 + Level 6.8 Spellcasting
 + Level 3.7 Conjurations
 + Level 3.7 Hexes
 + Level 6.6 Charms
 + Level 3.7 Summonings
 + Level 3.7 Necromancy
 + Level 3.7 Translocations
 + Level 3.7 Transmutations
 + Level 3.7 Fire Magic
 + Level 3.7 Ice Magic
 + Level 3.7 Air Magic
 + Level 3.7 Earth Magic
 + Level 3.7 Poison Magic
 + Level 4.9 Invocations
 + Level 4.5 Evocations


You had 10 spell levels left.
You knew the following spells:

 Your Spells              Type           Power        Failure   Level  Hunger
a - Infusion              Chrm           ####         1%          1    None
b - Shroud of Golubria    Chrm/Tloc      ###...       1%          2    None
c - Spectral Weapon       Hex/Chrm       ###.....     3%          3    ##.....
d - Regeneration          Chrm/Necr      ###.......   3%          3    ##.....
e - Song of Slaying       Chrm           ####....     1%          2    None

Your spell library contained the following spells:

 Spells                   Type           Power        Failure   Level  Hunger
 Confusing Touch          Hex            ###...       2%          1    None
 Confuse                  Hex            ###.....     6%          3    ##.....
 Gell's Gravitas          Tloc           ###.......   6%          3    ##.....
 Petrify                  Tmut/Erth      ###.....     21%         4    ####...
 Metabolic Englaciation   Hex/Ice        ###.......   50%         5    #####..
 Yara's Violent Unravell  Hex/Tmut       ###.......   50%         5    #####..


Dungeon Overview and Level Annotations

Branches:
Dungeon (8/15)             Temple (1/1) D:4
   Lair: D:8-11

Altars:
Ashenzari
Elyvilon
Fedhas
Gozag
Nemelex Xobeh
Okawaru
Qazlal
Ru
Sif Muna
Uskayaw
Vehumet
Wu Jian
Yredelemnul
Lugonu

Annotations:
D:2 Jessica, Sigmund
D:7 1 runed translucent door, MrRokkomies's ghost, novice GnWn


Innate Abilities, Weirdness & Mutations

Your experience applies equally to all skills.
You have very sharp teeth.
Your uncanny sense of smell can sniff out nearby items.


Message History

The two-headed ogre hits you with a +0 giant club!
The two-headed ogre barely misses you.
Your skin is crawling a little less now.
Your skin stops crawling.
Casting: Regeneration (safe; 3% risk of failure)
Confirm with . or Enter, or press ? or * to list all spells.
Your skin crawls.
Your magical contamination has completely faded away.
Casting: Regeneration (safe; 3% risk of failure)
Confirm with . or Enter, or press ? or * to list all spells.
You draw out your weapon's spirit!
The two-headed ogre hits you but does no damage.
The two-headed ogre misses you.
You hit the two-headed ogre. You freeze the two-headed ogre.
The two-headed ogre is heavily wounded.
The quokka completely misses you.
Your spectral weapon barely misses the two-headed ogre.
The two-headed ogre hits you with a +0 giant club!!
The two-headed ogre hits you with a +0 giant spiked club!!
You die...

##...........#
##...########.#
####.....#### #.#
............# #.#######.#
####.....##.####..........
##...###............≈≈≈
##.## ######..#####≈## #.#
#Or# #.# #@(# #### #.#
#..# ...###.#########..#
##............)...#
##################


You could see a two-headed ogre, a quokka and a friendly spectral +4 dagger of
freezing.

Vanquished Creatures
  Grinder (D:6)
  A hungry ghost (D:8)
  A black bear (D:7)
  An ice beast (D:8)
  2 phantoms
  2 ogres
  2 sky beasts (D:6)
  3 bullfrogs
  Blork the orc (D:6)
  3 scorpions
  7 killer bees (D:8)
  4 wights (D:8)
  A howler monkey (D:4)
  A centaur zombie (D:4)
  A bullfrog zombie (D:5)
  3 crimson imps
  2 orc priests
  A hound (D:4)
  2 jellies
  Ijyb (D:3)
  4 orc wizards
  An iguana (D:4)
  6 worker ants
  5 gnolls
  14 adders
  An ooze (D:1)
  2 adder skeletons
  5 worms
  3 dart slugs
  5 leopard geckos
  31 orcs
  5 ball pythons
  5 bats
  4 giant cockroaches
  14 goblins
  10 hobgoblins
  5 jackals
  4 quokkas
  3 frilled lizards
  7 kobolds
  A quokka zombie (D:6)
  9 rats
184 creatures vanquished.

Vanquished Creatures (others)
  A spectral weapon (D:8)
1 creature vanquished.

Grand Total: 185 creatures vanquished

Notes
Turn   | Place    | Note
-------+----------+-------------------------------------------
     0 | D:1      | MoonlitKnight the Gnoll Skald began the quest for the Orb.
     0 | D:1      | Reached XP level 1. HP: 20/20 MP: 6/6
   173 | D:1      | Reached XP level 2. HP: 26/26 MP: 7/7
   393 | D:1      | Reached XP level 3. HP: 29/31 MP: 9/9
   506 | D:1      | Reached skill level 5 in Spellcasting
   620 | D:2      | Learned a level 2 spell: Shroud of Golubria
   624 | D:2      | Learned a level 3 spell: Spectral Weapon
   628 | D:2      | Learned a level 3 spell: Regeneration
   631 | D:2      | Learned a level 2 spell: Song of Slaying
   654 | D:2      | Noticed Sigmund
   654 | D:2      | Noticed Jessica
  1213 | D:2      | Reached skill level 1 in Invocations
  1386 | D:2      | Found a shimmering blue altar of Sif Muna.
  1393 | D:2      | Found a shattered altar of Ashenzari.
  1442 | D:2      | Reached skill level 1 in Short Blades
  1442 | D:2      | Reached skill level 1 in Long Blades
  1442 | D:2      | Reached skill level 1 in Axes
  1442 | D:2      | Reached skill level 1 in Maces & Flails
  1442 | D:2      | Reached skill level 1 in Staves
  1442 | D:2      | Reached skill level 1 in Slings
  1442 | D:2      | Reached skill level 1 in Bows
  1442 | D:2      | Reached skill level 1 in Crossbows
  1442 | D:2      | Reached skill level 1 in Throwing
  1442 | D:2      | Reached skill level 1 in Stealth
  1442 | D:2      | Reached skill level 1 in Shields
  1442 | D:2      | Reached skill level 1 in Unarmed Combat
  1442 | D:2      | Reached skill level 1 in Evocations
  1442 | D:2      | Reached XP level 4. HP: 29/38 MP: 11/11
  2118 | D:2      | Found a blossoming altar of Fedhas.
  2312 | D:3      | Reached skill level 1 in Conjurations
  2312 | D:3      | Reached skill level 1 in Hexes
  2312 | D:3      | Reached skill level 1 in Summonings
  2312 | D:3      | Reached skill level 1 in Necromancy
  2312 | D:3      | Reached skill level 1 in Translocations
  2312 | D:3      | Reached skill level 1 in Transmutations
  2312 | D:3      | Reached skill level 1 in Fire Magic
  2312 | D:3      | Reached skill level 1 in Ice Magic
  2312 | D:3      | Reached skill level 1 in Air Magic
  2312 | D:3      | Reached skill level 1 in Earth Magic
  2312 | D:3      | Reached skill level 1 in Poison Magic
  2428 | D:3      | Found a sparkling altar of Nemelex Xobeh.
  2468 | D:3      | Reached XP level 5. HP: 38/43 MP: 8/12
  2527 | D:3      | Noticed Ijyb
  2547 | D:3      | zc
  2549 | D:3      | Killed Ijyb
  2924 | D:3      | Found a glowing drain.
  3342 | D:4      | Found a radiant altar of Vehumet.
  3352 | D:4      | Reached XP level 6. HP: 30/50 MP: 3/13
  3592 | D:4      | Found a staircase to the Ecumenical Temple.
  3617 | Temple   | Entered the Ecumenical Temple
  3829 | D:4      | Reached skill level 5 in Fighting
  3829 | D:4      | Reached skill level 5 in Polearms
  3829 | D:4      | Reached skill level 5 in Dodging
  4072 | D:4      | Found an iron altar of Okawaru.
  4177 | D:4      | Became a worshipper of Warmaster Okawaru
  4257 | D:4      | Reached XP level 7. HP: 47/56 MP: 15/15
  5096 | D:5      | Entered Level 5 of the Dungeon
  5378 | D:5      | Reached XP level 8. HP: 63/63 MP: 16/16
  6331 | D:6      | Noticed Blork the orc
  6337 | D:6      | Killed Blork the orc
  6337 | D:6      | Reached * piety under Okawaru
  6388 | D:6      | Noticed Grinder
  6407 | D:6      | Killed Grinder
  7215 | D:7      | Reached XP level 9. HP: 67/69 MP: 18/18
  7371 | D:7      | Found a runed translucent door.
  7372 | D:7      | Noticed MrRokkomies's ghost (novice GnWn)
  7373 | D:7      | Noticed an ogre mage
  7766 | D:7      | Found a basalt altar of Yredelemnul.
  7842 | D:7      | Reached ** piety under Okawaru
  8386 | D:8      | Reached skill level 5 in Armour
  8402 | D:8      | Noticed a queen bee
  8498 | D:8      | Paralysed by fainting for 11 turns
  8742 | D:8      | Reached *** piety under Okawaru
  8763 | D:8      | Noticed a two-headed ogre
  9000 | D:8      | Slain by a two-headed ogre

Levels and vault maps discovered:
D:1:      saegor_arrival_simple_c, layout_rooms, minmay_fountain_box
D:2:      layout_basic, lemuel_coloured_pillars_altar,
          grunt_temple_overflow_open, first_ration, minmay_puff, uniq_jessica,
          uniq_sigmund
D:3:      layout_rooms, nemelex_altar_shiori, cheibrodos_sewer_entry_bend,
          kennysheep_generic_room_6, uniq_ijyb
D:4:      layout_cave_pods, okawaru_altar_gauntlet_db, vehumet_crystals,
          minmay_temple_entry_offerings, minmay_statues_item
D:5:      layout_basic
D:6:      layout_loops_corners, serial_glass, glass_columns_b, glass_columns_b,
          glass_columns_a, glass_columns_b, glass_columns_b, glass_columns_b,
          minivault_4, uniq_grinder, uniq_blork_the_orc
D:7:      layout_loops_corners, yredelemnul_altar_generic,
          ebering_ghost_inner_flame
D:8:      minmay_gate_of_8, layout_loops_ring, overflow_temple_1_default,
          david_nohive_1, minmay_strange_pillars, minmay_orc_keep
Temple:   corrupted_temple

Skill      XL: |  1  2  3  4  5  6  7  8  9 |
---------------+----------------------------+-----
Spellcasting   | 5 6 |  6.8
Invocations    | 1 2 3 4 |  4.9
Short Blades   | 1 2 3 4 |  4.5
Long Blades    | 1 2 3 4 |  4.5
Axes           | 1 2 3 4 |  4.5
Maces & Flails | 1 2 3 4 |  4.5
Staves         | 1 2 3 4 |  4.5
Slings         | 1 2 3 4 |  4.5
Bows           | 1 2 3 4 |  4.5
Crossbows      | 1 2 3 4 |  4.5
Throwing       | 1 2 3 4 |  4.5
Stealth        | 1 2 3 4 |  4.5
Shields        | 1 2 3 4 |  4.5
Unarmed Combat | 1 2 3 4 |  4.5
Evocations     | 1 2 3 4 |  4.5
Conjurations   | 1 2 3 |  3.7
Hexes          | 1 2 3 |  3.7
Summonings     | 1 2 3 |  3.7
Necromancy     | 1 2 3 |  3.7
Translocations | 1 2 3 |  3.7
Transmutations | 1 2 3 |  3.7
Fire Magic     | 1 2 3 |  3.7
Ice Magic      | 1 2 3 |  3.7
Air Magic      | 1 2 3 |  3.7
Earth Magic    | 1 2 3 |  3.7
Poison Magic   | 1 2 3 |  3.7
Armour         | 3 4 5 |  5.2
Fighting       | 5 6 |  6.5
Polearms       | 5 6 |  6.5
Dodging        | 5 6 |  6.5
Charms         | 6 |  6.6

Action                   |  1- 3 |  4- 6 |  7- 9 || total
-------------------------+-------+-------+-------++-------
Melee: Spear             |   109 |   226 |   365 ||   700
       Bite              |     6 |    22 |    44 ||    72
       Punch             |       |       |     5 ||     5
       Dagger            |       |       |   106 ||   106
 Fire: Hunting sling     |       |       |    17 ||    17
Throw: Dart              |       |       |     5 ||     5
 Cast: Spectral Weapon   |       |     8 |     9 ||    17
       Regeneration      |       |     1 |     7 ||     8
       Shroud of Golubri |       |       |     7 ||     7
  Use: Scroll            |       |     6 |     7 ||    13
 Stab: Sleeping          |     2 |     1 |     4 ||     7
       Distracted        |       |     1 |     3 ||     4
  Eat: Chunk             |     2 |    10 |    10 ||    22
       Ration            |       |       |     3 ||     3
Armor: Leather armour    |    14 |    14 |       ||    28
       Scale mail        |       |    28 |    13 ||    41
       Ring mail         |       |       |   103 ||   103
Dodge: Dodged            |    50 |   151 |   238 ||   439

Table legend:
 A = Non-vault XP
 B = Vault XP
 C = Vault XP percentage of total XP
 D = Non-vault monster count
 E = Vault monster count
 F = Vault count percentage of total count
                 A         B        C        D         E       F
            +---------+---------+-------+---------+---------+-------
      Total |    3236 |     899 |  21.7 |     159 |      25 |  13.6
            +---------+---------+-------+---------+---------+-------
        D:1 |      40 |       0 |   0.0 |      20 |       0 |   0.0
        D:2 |      50 |      11 |  18.0 |      20 |       5 |  20.0
        D:3 |     117 |      48 |  29.1 |      27 |       4 |  12.9
        D:4 |     811 |      36 |   4.3 |      30 |       6 |  16.7
        D:5 |     287 |       0 |   0.0 |      10 |       0 |   0.0
        D:6 |     533 |     371 |  41.0 |       7 |       2 |  22.2
        D:7 |     421 |       0 |   0.0 |      20 |       0 |   0.0
        D:8 |     977 |     433 |  30.7 |      25 |       8 |  24.2
            +---------+---------+-------+---------+---------+-------
